cohdb
Replays
Latest Replays
All Replays
Popular Replays
Top Player Replays
Match Explorer
How It Works
Community
CoH3 Stats
Reddit
Sign in to upload your games and track your stats! →
Sign in with Steam
come back
Match 28160310
Overview
Messages
Build Orders
End
Selects Italian Coastal Battlegroup
Selects Coastal Reserves
Coastal Reserve
Pioneer Squad
Construct Infanterie Kompanie
Grenadier Squad
MG 42 Machine Gun Team
Grenadier Squad
Selects Artillery Officer
Infanterie Officer Quarters
Construct Panzergrenadier Kompanie
Panzergrenadier Squad
Panzergrenadier Squad
Selects Coastal Wall
Medical Station
Panzergrenadier Officer Quarters
Selects Support Bunkers
Artillery Officer
Panzergrenadier Squad
Pak 40 Anti-tank Gun Team
Construct Panzer Kompanie
Panzer IV Medium Tank
diagnosed with skill issue
Stana
0
0
Comments
sign in to comment!
No comments posted yet!